 Dungeon Crawl Stone Soup version 0.28.0 (webtiles) character file.

Game seed: 8139714893678965302

2018 zeram the Conjurer (level 9, -6/56 (65) HPs)
             Began as a Gnoll Conjurer on Feb 15, 2022.
             Was an Initiate of Gozag.
             Mangled by an ice beast (8 damage)
             ... on level 6 of the Dungeon.
             The game lasted 00:13:19 (9358 turns).

zeram the Conjurer (Gnoll Conjurer)                 Turns: 9358, Time: 00:13:20

HP:   -6/56 (65)    AC:  5    Str:  8    XL:     9   Next: 23%
MP:   0/18          EV: 18    Int: 21    God:    Gozag
Gold: 1066          SH:  0    Dex: 14    Spells: 11/21 levels left

rFire   + . .      SeeInvis .   s - +3 mace of Foolhardiness {venom, rF+ Dex+4}
rCold   . . .      Faith    .   (no shield)
rNeg    . . .      Spirit   +   a - +0 robe
rPois   .          Reflect  .   (no helmet)
rElec   .          Harm     .   F - +0 cloak
rCorr   .          Rampage  .   f - +1 pair of gloves
Will    .....                   (no boots)
Stlth   +++.......              j - amulet of guardian spirit
HPRegen 0.18/turn               l - +4 ring of evasion
MPRegen 0.16/turn               (no ring)

@: heavily drained
A: fangs 1, strong nose, distributed training
a: Renounce Religion, Potion Petition, Call Merchant, Bribe Branch


You were on level 6 of the Dungeon.
You worshipped Gozag.
Gozag was most pleased with you.
You visited 1 branch of the dungeon, and saw 7 of its levels.
You also visited: Sewer.

You collected 1093 gold pieces.
You paid 27 gold pieces to Gozag.

Inventory:

Hand Weapons
 s - the +3 mace of Foolhardiness (weapon) {venom, rF+ Dex+4}
   (You found it on level 5 of the Dungeon)

   It poisons the flesh of those it strikes.
   Dex:       It affects your dexterity (+4).
   rF:        It protects you from fire.
Missiles
 q - 5 poisoned darts (quivered)
 E - 3 throwing nets
Armour
 a - a +0 robe (worn)
 f - a +1 pair of gloves (worn)
 F - a +0 cloak (worn)
Magical Staves
 d - a staff of cold
Jewellery
 j - an amulet of guardian spirit (around neck)
 l - a +4 ring of evasion (left hand)
 p - an amulet of magic regeneration
Wands
 x - a wand of mindburst (17)
Scrolls
 g - 2 scrolls of fog
 k - 2 scrolls of immolation
 m - a scroll of teleportation
 r - a scroll of magic mapping
 w - 3 scrolls of amnesia
 B - a scroll of noise {unknown}
 C - a scroll of fear {unknown}
 D - a scroll of enchant armour
Potions
 b - 2 potions of attraction {unknown}
 c - 2 potions of might {unknown}
 e - 2 potions of invisibility
 h - a potion of curing
 i - 2 potions of flight {unknown}
 n - 3 potions of lignification
 o - a potion of berserk rage
 t - a potion of ambrosia {unknown}
 v - a potion of resistance {unknown}
 z - 2 potions of magic {unknown}
 A - 2 potions of degeneration {unknown}
 G - a potion of heal wounds {unknown}


   Skills:
 + Level 4.0 Fighting
 + Level 4.0 Short Blades
 + Level 4.0 Long Blades
 + Level 4.0 Axes
 + Level 4.0 Maces & Flails
 + Level 4.0 Polearms
 + Level 4.0 Staves
 + Level 4.0 Slings
 + Level 4.0 Bows
 + Level 4.0 Crossbows
 + Level 4.0 Throwing
 + Level 4.0 Armour
 + Level 6.2 Dodging
 + Level 5.9 Stealth
 + Level 4.0 Shields
 + Level 4.0 Unarmed Combat
 + Level 6.5 Spellcasting
 + Level 7.9 Conjurations
 + Level 3.3 Hexes
 + Level 3.3 Summonings
 + Level 3.3 Necromancy
 + Level 3.3 Translocations
 + Level 3.3 Transmutations
 + Level 3.3 Fire Magic
 + Level 3.3 Ice Magic
 + Level 3.3 Air Magic
 + Level 3.3 Earth Magic
 + Level 3.3 Poison Magic
 + Level 4.4 Invocations
 + Level 4.0 Evocations


You had 11 spell levels left.
You knew the following spells:

 Your Spells              Type           Power      Damage    Failure   Level
a - Magic Dart            Conj           100%       1d8       1%          1
b - Searing Ray           Conj           80%        2d7       1%          2
c - Dazzling Flash        Conj/Hex       60%        N/A       2%          3
d - Iskenderun's Mystic   Conj/Tloc      30%        2d8       9%          4

Your spell library contained the following spells:

 Spells                   Type           Power      Damage    Failure   Level
 Beastly Appendage        Tmut           40%        N/A       2%          1
 Wereblood                Tmut           20%        N/A       3%          2
 Spider Form              Tmut/Pois      20%        N/A       7%          3
 Fulminant Prism          Conj/Hex       15%        3d11      9%          4


Dungeon Overview and Level Annotations

Branches:
Dungeon (7/15)              Sewer (visited)
 Temple: D:4-7

Altars:
Cheibriados
Gozag
Makhleb
Wu Jian

Annotations:
D:2 Ijyb


Innate Abilities, Weirdness & Mutations

You have very sharp teeth.
Your uncanny sense of smell can sniff out nearby items.
Your experience applies equally to all skills.


Message History

The wight barely misses you. The ice beast closely misses you.
The wight closely misses you.
You barely miss the ice beast.
You bite the ice beast, but do no damage.
The ice beast is moderately wounded.
The ice beast hits you but does no damage.
The wight barely misses you. The ice beast hits you. The ice beast freezes you!
You hit the ice beast.
The ice beast is poisoned.
The ice beast is moderately wounded.
The wight closely misses you.
The ice beast hits you but does no damage.
You barely miss the ice beast.
The ice beast is moderately wounded.
The wight hits you with a +0 falchion. The ice beast hits you.
The ice beast freezes you!
You sock the ice beast!
The ice beast is heavily wounded.
The wight barely misses you.
The ice beast hits you but does no damage.
You hit the ice beast.
The ice beast is heavily wounded.
The wight hits you with a +0 falchion.
You feel drained. The ice beast misses you.
The wight hits you with a +0 falchion!
* * * LOW HITPOINT WARNING * * *
You barely miss the ice beast.
The ice beast is severely wounded.
The ice beast misses you. The wight barely misses you.
The ice beast closely misses you.
You hit the ice beast but do no damage.
The ice beast looks even sicker.
The ice beast is severely wounded.
The wight hits you with a +0 falchion. The ice beast barely misses you.
You hit the ice beast.
The ice beast is almost dead.
The wight hits you with a +0 falchion!
* * * LOW HITPOINT WARNING * * *
You feel drained. The ice beast hits you.
* * * LOW HITPOINT WARNING * * *
The ice beast freezes you!
You die...
Your body crumbles into a pile of gold.

#..[................
#..>................
##......######..>...
##.......## ##.....
#.........########..
#...≈§≈≈≈.§≈≈§§# #..
#...§####)####§# #..
##zY##≈≈≈.≈≈≈## ###
##@#⌠≈...§§≈⌠#
####§.._..§##
#§§.....≈⌠#
##≈§≈≈≈≈≈##
###⌠#⌠### #####


You could see an ice beast (very poisoned) and a wight.

Vanquished Creatures
  Edmund (D:6)
  Pargi (Sewer)
  A black bear (D:5)
  4 ogres
  An ice beast (D:7)
  4 phantoms
  A centaur (D:6)
  A water moccasin zombie (D:5)
  2 scorpions
  A wight (D:6)
  A bullfrog zombie (D:6)
  2 gnoll shamans (D:6)
  3 hounds
  An orc priest (D:6)
  Crazy Yiuf (D:6)
  A centaur skeleton (D:6)
  3 iguanas
  Jessica (D:3)
  An orc wizard (D:6)
  A killer bee zombie (D:7)
  A hound skeleton (D:5)
  7 adders
  7 gnolls (D:6)
  A howler monkey skeleton (D:7)
  A shadow imp (D:5)
  2 ufetubi
  A worm (D:2)
  5 dart slugs
  9 orcs
  9 bats
  5 endoplasms
  6 giant cockroaches
  5 goblins
  5 hobgoblins
  3 kobolds
  10 quokkas
  7 ball pythons
  2 frilled lizards
  8 rats
126 creatures vanquished.

Notes
Turn   | Place    | Note
-------+----------+-------------------------------------------
     0 | D:1      | zeram the Gnoll Conjurer began the quest for the Orb.
     0 | D:1      | Reached XP level 1. HP: 13/13 MP: 6/6
   280 | D:1      | Reached XP level 2. HP: 19/19 MP: 4/7
   794 | D:1      | Found a faded altar of an unknown god.
  1027 | D:2      | Reached skill level 5 in Spellcasting
  1027 | D:2      | Reached XP level 3. HP: 10/25 MP: 5/9
  1368 | D:2      | Reached skill level 1 in Invocations
  1784 | D:2      | Found an opulent altar of Gozag.
  1799 | D:2      | Became a worshipper of Gozag Ym Sagoz the Greedy
  1849 | D:2      | Reached skill level 1 in Fighting
  1849 | D:2      | Reached skill level 1 in Short Blades
  1849 | D:2      | Reached skill level 1 in Long Blades
  1849 | D:2      | Reached skill level 1 in Axes
  1849 | D:2      | Reached skill level 1 in Maces & Flails
  1849 | D:2      | Reached skill level 1 in Polearms
  1849 | D:2      | Reached skill level 1 in Staves
  1849 | D:2      | Reached skill level 1 in Slings
  1849 | D:2      | Reached skill level 1 in Bows
  1849 | D:2      | Reached skill level 1 in Crossbows
  1849 | D:2      | Reached skill level 1 in Throwing
  1849 | D:2      | Reached skill level 1 in Armour
  1849 | D:2      | Reached skill level 1 in Shields
  1849 | D:2      | Reached skill level 1 in Unarmed Combat
  1849 | D:2      | Reached skill level 1 in Evocations
  2043 | D:2      | You fall into a shaft and drop 2 floors!
  2043 | D:4      | Noticed a scorpion
  2088 | D:3      | Noticed Ijyb
  2137 | D:2      | Reached XP level 4. HP: 30/32 MP: 11/11
  2428 | D:2      | Learned a level 2 spell: Searing Ray
  2432 | D:2      | Learned a level 3 spell: Dazzling Flash
  2437 | D:2      | Learned a level 4 spell: Iskenderun's Mystic Blast
  2440 | D:3      | Noticed Jessica
  2623 | D:3      | Killed Jessica
  2624 | D:3      | Reached skill level 1 in Hexes
  2624 | D:3      | Reached skill level 1 in Summonings
  2624 | D:3      | Reached skill level 1 in Necromancy
  2624 | D:3      | Reached skill level 1 in Translocations
  2624 | D:3      | Reached skill level 1 in Transmutations
  2624 | D:3      | Reached skill level 1 in Fire Magic
  2624 | D:3      | Reached skill level 1 in Ice Magic
  2624 | D:3      | Reached skill level 1 in Air Magic
  2624 | D:3      | Reached skill level 1 in Earth Magic
  2624 | D:3      | Reached skill level 1 in Poison Magic
  2873 | D:3      | Found an ornate altar of the Wu Jian Council.
  2890 | D:3      | Reached XP level 5. HP: 37/37 MP: 8/12
  4201 | D:4      | Noticed a phantom
  4211 | D:4      | Killed a phantom
  4212 | D:4      | Reached XP level 6. HP: 30/44 MP: 3/14
  4410 | D:4      | Reached skill level 5 in Dodging
  5637 | D:5      | Entered Level 5 of the Dungeon
  5654 | D:5      | Reached XP level 7. HP: 51/51 MP: 7/15
  5679 | D:5      | Found a glowing drain.
  5688 | Sewer    | Entered a sewer
  5843 | Sewer    | Noticed Pargi
  5850 | Sewer    | Killed Pargi
  6068 | D:5      | Reached skill level 5 in Stealth
  6426 | D:5      | Reached XP level 8. HP: 25/57 MP: 3/16
  6829 | D:5      | Identified the +3 mace of Foolhardiness {venom, rF+ Dex+4}
  7474 | D:6      | Found a snail-covered altar of Cheibriados.
  7690 | D:6      | Noticed Edmund
  7704 | D:6      | Killed Edmund
  7954 | D:6      | Found a runed translucent door.
  7955 | D:6      | Noticed Crazy Yiuf
  8391 | D:6      | Reached XP level 9. HP: 58/65 MP: 16/18
  8537 | D:6      | Found a burning altar of Makhleb.
  8613 | D:6      | Killed Crazy Yiuf
  9358 | D:6      | HP: 2/56 [ice beast (1)]
  9358 | D:6      | Mangled by an ice beast

Illustrated notes

Levels and vault maps discovered:
D:1:      minmay_arrival_glassed_features, layout_loops_ring,
          ebering_ecumenical_altar_abandoned
D:2:      minmay_alternating_diamond, layout_basic, basic_altar, st_stairs_4
D:3:      layout_rooms, mainiacjoe_overflow_24_doors, nrook_mini_backslash,
          uniq_ijyb, uniq_jessica
D:4:      layout_basic, minmay_misc_feat_tiny
D:5:      layout_loops_ring, gup_sewer_entry_pipe
D:6:      layout_rooms, lightli_temple_of_fire, kennysheep_slug_shrine,
          minmay_between, uniq_edmund, uniq_crazy_yiuf_cottage
D:7:      layout_cave_pools, kennysheep_mini, minmay_temple_entry_antechambers,
          serial_shops, shop, uniq_menkaure

Skill      XL: |  1  2  3  4  5  6  7  8  9 |
---------------+----------------------------+-----
Spellcasting   | 5 6 |  6.5
Invocations    | 1 2 3 4 |  4.4
Fighting       | 1 2 3 4 |  4.0
Short Blades   | 1 2 3 4 |  4.0
Long Blades    | 1 2 3 4 |  4.0
Axes           | 1 2 3 4 |  4.0
Maces & Flails | 1 2 3 4 |  4.0
Polearms       | 1 2 3 4 |  4.0
Staves         | 1 2 3 4 |  4.0
Slings         | 1 2 3 4 |  4.0
Bows           | 1 2 3 4 |  4.0
Crossbows      | 1 2 3 4 |  4.0
Throwing       | 1 2 3 4 |  4.0
Armour         | 1 2 3 4 |  4.0
Shields        | 1 2 3 4 |  4.0
Unarmed Combat | 1 2 3 4 |  4.0
Evocations     | 1 2 3 4 |  4.0
Hexes          | 1 2 3 |  3.3
Summonings     | 1 2 3 |  3.3
Necromancy     | 1 2 3 |  3.3
Translocations | 1 2 3 |  3.3
Transmutations | 1 2 3 |  3.3
Fire Magic     | 1 2 3 |  3.3
Ice Magic      | 1 2 3 |  3.3
Air Magic      | 1 2 3 |  3.3
Earth Magic    | 1 2 3 |  3.3
Poison Magic   | 1 2 3 |  3.3
Dodging        | 5 6 |  6.2
Stealth        | 5 |  5.9
Conjurations   | |  7.9

Action                   |  1- 3 |  4- 6 |  7- 9 || total
-------------------------+-------+-------+-------++-------
Melee: Staff             |    87 |    87 |    24 ||   198
       Bite              |    14 |    11 |    35 ||    60
       Punch             |     5 |     2 |    10 ||    17
       Unarmed           |       |     5 |       ||     5
       Mace              |       |       |   189 ||   189
 Cast: Magic Dart        |    49 |    12 |    12 ||    73
       Searing Ray       |       |    19 |    24 ||    43
  Use: Scroll            |     2 |     8 |     3 ||    13
 Stab: Sleeping          |     6 |     3 |     3 ||    12
Armor: Robe              |    20 |    28 |    48 ||    96
Dodge: Dodged            |    79 |   106 |   250 ||   435
